AoeStats
← AgroBoy

Arabia

503820472Analyzed
1v1 RM · 1mo ago on Sep 2, 2026· 168m 31s· 2 players
Game mode
Random Map
Map size
Tiny (2 player)
Population
200
Speed
Normal
Resources
Standard
Victory
Conquest
Starting age
Dark Age
Ending age
Imperial Age
RankedLock teamsTeams togetherTeam positionsShared explorationLock speedFull tech treeHidden civsTurbo modeCheats
Victory
Defeat
🇧🇷 Spanish · Brazil
204
+20
🇪🇸 Burgundians · Spain
292
-20
AgroBoy
10:27 Feudal Age
12:29 Horse Collar
12:38 Double-Bit Axe
18:39 Wheelbarrow
19:29 Stone Mining
23:09 Castle Age
21:41 Man-at-Arms
23:48 Long Swordsman
24:14 Gambesons
29:31 Forging
29:31 Scale Mail Armor
30:22 Pikeman
31:04 Squires
38:11 Hand Cart
38:11 Scale Barding Armor
38:44 Iron Casting
40:51 Chain Barding Armor
40:58 Ballistics
45:51 Imperial Age
44:49 Inquisition
48:22 Elite Conquistador
52:41 Halberdier
56:59 Chemistry
57:05 Bow Saw
56:48 Gold Mining
58:19 Stone Shaft Mining
58:51 Two-Man Saw
58:28 Bombard Tower
59:53 Conscription
64:15 Blast Furnace
63:06 Fletching
63:17 Padded Archer Armor
63:53 Plate Barding Armor
63:34 Chain Mail Armor
64:24 Town Watch
71:54 Capped Ram
75:50 Siege Ram
92:25 Plate Mail Armor
92:10 Leather Archer Armor
91:51 Bodkin Arrow
94:16 Two-Handed Swordsman
104:22 Elite Skirmisher
167:25 Spies/Treason
lord-l1m0n
7:08 Horse Collar
9:18 Wheelbarrow
9:40 Loom
10:05 Double-Bit Axe
15:47 Feudal Age
14:25 Gold Mining
15:31 Stone Mining
16:55 Hand Cart
16:47 Heavy Plow
18:04 Bow Saw
24:41 Castle Age
23:22 Man-at-Arms
26:12 Husbandry
25:33 Light Cavalry
26:16 Squires
25:36 Long Swordsman
25:37 Pikeman
27:45 Gold Shaft Mining
28:12 Two-Man Saw
27:44 Crop Rotation
26:48 Cavalier
28:42 Forging
28:34 Scale Mail Armor
28:39 Scale Barding Armor
29:11 Crossbowman
30:39 Padded Archer Armor
30:30 Fletching
31:42 Burgundian Vineyards
33:38 Stone Shaft Mining
33:35 Bodkin Arrow
33:56 Leather Archer Armor
34:41 Treadmill Crane
34:59 Murder Holes
35:17 Masonry
34:59 Guard Tower
40:21 Imperial Age
38:14 Town Watch
40:03 Ballistics
41:40 Keep
40:52 Arrowslits
42:08 Chemistry
41:40 Architecture
41:24 Town Patrol
42:36 Conscription
43:43 Fortified Wall
43:11 Two-Handed Swordsman
44:52 Hoardings
47:29 Pikeman
55:28 Bracer
58:34 Iron Casting
58:14 Chain Mail Armor
58:20 Chain Barding Armor
57:50 Halberdier
60:41 Blast Furnace
62:17 Plate Mail Armor
62:34 Plate Barding Armor
72:50 Elite Skirmisher
78:18 Arson
89:26 Hussar
Connection lost

Rejoining the realm…

Still unreachable

The connection could not be restored.

Session expired

The server has moved on; the page needs a fresh start.